 Seeded DCSS version 0.30-a0-1035-g38d5fb2972 (webtiles) character file.

Game seed: 7547814903460644772 (custom seed)

15 DeathPants the Stinger (level 2, -4/20 HPs)
             Began as a Ghoul Venom Mage on Apr 8, 2023.
             Slain by a worm (9 damage)
             ... on level 1 of the Dungeon.
             The game lasted 00:02:01 (496 turns).

DeathPants the Stinger (Ghoul Venom Mage)            Turns: 496, Time: 00:02:01

Health: -4/20      AC:  2    Str: 11    XL:     2   Next: 50%
Magic:  3/4        EV: 12    Int: 10    God:
Gold:   30         SH:  0    Dex:  9    Spells: 4/5 levels left

rFire   . . .      SeeInvis .    f - +4 dagger
rCold   + . .      Faith    .    (no shield)
rNeg    + + +      Spirit   .    a - +0 robe
rPois   ∞          Reflect  .    (no helmet)
rElec   .          Rampage  .    (no cloak)
rCorr   .                        (no gloves)
Will    .....                    (no boots)
Stlth   ++                       (no amulet)
HPRegen 0.00/turn                (no ring)
MPRegen 0.09/turn                (no ring)

@: inhibited regen
A: claws 1, cold resistance 1, negative energy resistance 3, inhibited
regeneration, torment resistance 2, devour on kill
a: no special abilities


You were on level 1 of the Dungeon.
You visited 1 branch of the dungeon, and saw 2 of its levels.

You collected 30 gold pieces.

Inventory:

Hand Weapons
 f - a +4 dagger (weapon)
 g - a +0 rapier
Armour
 a - a +0 robe (worn)
Scrolls
 c - a scroll of identify {unknown}
 d - a scroll of magic mapping {unknown}
Potions
 b - a potion of magic
 e - 2 potions of experience {unknown}
 h - a potion of might {unknown}
 i - a potion of cancellation {unknown}
 j - a potion of haste {unknown}


   Skills:
 - Level 1.7 Dodging
 - Level 2.1 Stealth
 + Level 2.0 Spellcasting
 - Level 0.8 Transmutations
 * Level 3.5 Poison Magic


You had 4 spell levels left.
You knew the following spells:

 Your Spells              Type           Power      Damage    Failure   Level
a - Sting                 Tmut/Pois      20%        1d4       13%         1

Your spell library contained the following spells:

 Spells                   Type           Power      Damage    Failure   Level
 Poisonous Vapours        Pois/Air       8%         N/A       22%         2
 Mephitic Cloud           Conj/Pois/Air  3%         N/A       50%         3
 Olgreb's Toxic Radiance  Pois           8%         N/A       56%         4


Dungeon Overview and Level Annotations

Branches:
Dungeon (2/15)

Altars:


Innate Abilities, Weirdness & Mutations

You are immune to poison.
You have sharp fingernails.
Your flesh is cold resistant. (rC+)
You are immune to negative energy. (rN+++)
You do not regenerate when monsters are visible.
You are immune to unholy pain and torment.
You thrive by killing the living.


Message History

You feel better.
Found a stone staircase leading down.
j - a lumpy sapphire potion
There is a stone staircase leading down here.
You climb downwards.
The hobgoblin shouts!
The goblin shouts!
You hear a shout!
The adder misses you. The worm bites you.
There is a stone staircase leading up here.
The adder closely misses you. The goblin misses you.
You climb upwards.
There is a stone staircase leading down here.
You completely miss the worm. The goblin hits you but does no damage.
The worm bites you but does no damage.
Aiming: Sting (safe; 13% risk of failure)
Press: ? - help, Q - select action Shift-Dir - straight line, f - worm
Aim: a worm (89% to hit)
The sting hits the worm but does no damage.
The worm is poisoned.
The goblin closely misses you.
You hit the worm.
The worm is lightly wounded.
The goblin barely misses you. The worm bites you.
You hit the worm but do no damage. The goblin hits you with a +0 club.
The worm misses you.
You hit the worm.
The worm is moderately wounded.
The goblin hits you with a +0 club.
You hit the worm.
The worm is moderately wounded.
The goblin hits you with a +0 club.
* * * LOW HITPOINT WARNING * * *
The worm completely misses you.
You hit the worm.
The worm is heavily wounded.
The goblin hits you with a +0 club.
* * * LOW HITPOINT WARNING * * *
You hit the worm. You claw the worm.
The worm is almost dead.
The worm looks more healthy.
The goblin barely misses you. The worm bites you!
You die...

........♣..##
..###..♣_♣..####
..# ##..♣......#
# ..#
#.........# .#
..# ###.......#
#.# .##
####......###..#
.#
#.........#S..
.#
#...#######.#g#
.##..# #..w@#
.#..# #.####
...# #. ..## #.
#.# #. ..# ..
### ##


You could see a worm, an adder and a goblin.

Vanquished Creatures
  A ball python (D:1)
  2 bats (D:1)
  An endoplasm (D:1)
  3 hobgoblins (D:1)
  A frilled lizard (D:1)
  2 goblins (D:1)
  2 kobolds (D:1)
  2 rats (D:1)
14 creatures vanquished.

Notes
Turn   | Place    | Note
-------+----------+-------------------------------------------
     0 | D:1      | DeathPants the Ghoul Venom Mage began the quest for the
                  | Orb.
     0 | D:1      | Reached XP level 1. HP: 14/14 MP: 2/2
   262 | D:1      | Reached XP level 2. HP: 14/20 MP: 0/3
   448 | D:1      | Found a faded altar of an unknown god.
   496 | D:1      | Slain by a worm

Illustrated notes

Levels and vault maps discovered:
D:1:      lordsloth_arrival_two_stooges, layout_basic,
          chequers_ecumenical_altar_simple
D:2:      layout_loops_ring, uniq_jessica

Skill      XL: |  1  2 |
---------------+-------+-----
Spellcasting   | 2 |  2.0
Dodging        | |  1.7
Stealth        | |  2.1
Transmutations | |  0.8
Poison Magic   | |  3.5

Action                     || total
---------------------------++-------
  Melee: Unarmed           ||    32
         Dagger            ||    16
         Punch             ||     1
   Cast: Sting             ||    14
   Stab: Sleeping          ||     1
 Armour: Robe              ||    13
  Dodge: Dodged            ||    34

Table legend: (Time is in decaauts)
 A = Elapsed time spent in this place.
 B = Non-inter-level travel time spent in this place.
 C = Inter-level travel time spent in this place.
 D = Time resting spent in this place.
 E = Time spent auto-exploring this place.
 F = Levels seen in this place.
 G = Mean time per level.
                   A        B        C        D        E       F      G
               +--------+--------+--------+--------+--------+-----+--------+
         Total |    495 |    495 |      0 |      0 |    308 |   2 |  247.5 |
       Dungeon |    495 |    495 |      0 |      0 |    308 |   2 |  247.5 |
               +--------+--------+--------+--------+--------+-----+--------+

Top non-repeatable levels by time:
     D:1: 492 daAuts
     D:2: 3 daAuts
